 Dungeon Crawl Stone Soup version 0.32-a0-938-g40ac7a0f4d (webtiles) character file.

Game seed: 17200089572412217418

1504 Revguard the Trooper (level 8, -2/62 HPs)
             Began as a Demonspawn Fighter on Apr 15, 2024.
             Was a Follower of Yredelemnul.
             Slain by a troll (7 damage)
             ... on level 6 of the Dungeon.
             The game lasted 00:13:07 (4527 turns).

Revguard the Trooper (Demonspawn Fighter)           Turns: 4527, Time: 00:13:09

Health: -2/62      AC: 10    Str: 19    XL:     8   Next: 52%
Magic:  0/11       EV:  8    Int:  8    God:    Yredelemnul [*.....]
Gold:   151        SH:  5    Dex: 17    Spells: 7/7 levels left

rFire   . . .        w - +3 hand axe (freeze)
rCold   . . .        c - +0 buckler
rNeg    . . .        m - +0 chain mail
rPois   .            (helmet restricted)
rElec   .            (no cloak)
rCorr   .            (no gloves)
SInv    .            y - +0 pair of boots
Will    .....        z - amulet of the acrobat
Stlth   +            q - ring of flight
HPRegen 0.30/turn    (no ring)
MPRegen 0.24/turn

%: acrobat, guardian spirit
@: flying, wreathed by umbra
A: horns 2, thin skeletal structure 2, magic shield, magic regeneration
a: Renounce Religion, Light the Black Torch, Recall Undead Harvest


You were on level 6 of the Dungeon.
You worshipped Yredelemnul.
Yredelemnul was noncommittal.
You visited 1 branch of the dungeon, and saw 6 of its levels.

You collected 333 gold pieces.
You spent 182 gold pieces at shops.

Inventory:

Hand Weapons
 a - a +0 war axe
 w - a +3 hand axe of freezing (weapon)
Armour
 b - a +0 scale mail
 c - a +0 buckler (worn)
 m - a +0 chain mail (worn)
 y - a +0 pair of boots (worn)
Jewellery
 q - a ring of flight (left hand)
 z - an amulet of the acrobat (around neck)
Wands
 u - a wand of paralysis (4)
Scrolls
 f - a scroll of fear {unknown}
 g - 3 scrolls of vulnerability {unknown}
 i - 3 scrolls of poison {unknown}
 l - a scroll of fog {unknown}
 n - a scroll of amnesia {unknown}
 o - 3 scrolls of noise {unknown}
 r - a scroll of teleportation {unknown}
 t - a scroll of torment {unknown}
 v - 2 scrolls of immolation {unknown}
 x - 3 scrolls of enchant weapon {unknown}
Potions
 d - a potion of might
 e - a potion of enlightenment
 h - 4 potions of curing
 j - 2 potions of heal wounds
 k - a potion of ambrosia
 p - a potion of brilliance {unknown}
 A - a potion of attraction


   Skills:
 + Level 5.1 Fighting
 * Level 4.0 Axes
 + Level 4.5 Armour
 + Level 3.3 Dodging
 * Level 4.5 Shields
 + Level 4.8 Invocations
 + Level 3.7 Evocations


You had 7 spell levels left.
You didn't know any spells.
Your spell library contained the following spells:

 Spells                   Type           Power      Damage    Failure   Level
 Lesser Beckoning         Tloc           0%         N/A       100%        2
 Call Canine Familiar     Summ           0%         N/A       100%        3
 Dazzling Flash           Conj/Hex       0%         N/A       100%        3
 Maxwell's Portable Pile  Tloc           0%         2d(5-13)  100%        3
 Mephitic Cloud           Conj/Alch/Air  0%         N/A       100%        3
 Sigil of Binding         Hex            0%         N/A       100%        3
 Teleport Other           Tloc           0%         N/A       100%        3
 Dimensional Bullseye     Hex/Tloc       0%         N/A       100%        4
 Curse of Agony           Necr           0%         N/A       100%        5
 Silence                  Hex/Air        0%         N/A       100%        5


Dungeon Overview and Level Annotations

Branches:
Dungeon (6/15)
 Temple: D:4-7

Altars:
Nemelex Xobeh
Sif Muna
Trog
Vehumet
Yredelemnul

Shops:
D:2 (   D:4 *


Innate Abilities, Weirdness & Mutations

You have a pair of horns on your head.
You have a moderately thin skeletal structure. (Dex +4, Stealth++)
When hurt, damage is shared between your health and your magic reserves.
You regenerate magic rapidly.


Message History

You closely miss the troll.
The troll is moderately wounded.
The troll bites you. The troll claws you. The troll barely misses you.
You barely miss the troll.
The troll is moderately wounded.
The troll bites you but does no damage. You block the troll's attack.
The troll claws you but does no damage.
You hit the troll. You freeze the troll.
The troll is heavily wounded.
A white imp comes into view.
You block the troll's attack. The troll claws you but does no damage.
The troll claws you! The troll bites you. The troll claws you!
The troll claws you but does no damage.
You hit the troll. You freeze the troll.
The troll is severely wounded.
The white imp enters a dispersal trap!
The troll blinks!
Your ogre zombie blinks!
You blink.
The troll bites you! You block the troll's attack.
The troll completely misses you.
You hit the troll. You freeze the troll.
The troll is severely wounded.
Your jelly zombie closely misses the troll.
You block the troll's attack. The troll claws you. x2
You hit the troll but do no damage. You headbutt the troll.
The troll is severely wounded.
Your jelly zombie closely misses the troll.
The troll bites you. The troll claws you!
* * * LOW HITPOINT WARNING * * *
The troll claws you but does no damage.
Your jelly zombie barely misses the troll.
You hit the troll. You freeze the troll.
The troll is almost dead.
The troll bites you.
* * * LOW HITPOINT WARNING * * *
The troll claws you.
* * * LOW HITPOINT WARNING * * *
The troll claws you!
You die...
Your body rises from the dead as a mindless zombie.

####################
..#######.Z@..........Z.....
#.5Z...Z..ZT#########ZZ.Z...
..#######.#.###.......######
#.#.##............##
#.#.##..#########..Z
#...##.(# #### #..###..#
#..# #..# #..# #..#


You could see a troll (ally target), 2 friendly jelly zombies and a friendly
ogre zombie.

Vanquished Creatures
  The ghost of Ajdolov the Trooper, an amateur AtMo (D:4)
  2 water moccasins (D:5)
  An ogre (D:4)
  5 scorpions
  A bombardier beetle (D:4)
  A jelly (D:6)
  2 hounds (D:6)
  An orc priest (D:4)
  An iguana (D:4)
  Ijyb (D:3)
  A scorpion zombie (D:2)
  4 orc wizards
  A hound zombie (D:2)
  6 adders
  2 adder zombies
  A dart slug (D:3)
  2 ribbon worms
  16 orcs
  A bat skeleton (D:2)
  7 endoplasms
  3 giant cockroaches
  7 goblins
  10 hobgoblins
  2 jackals (D:2)
  A quokka (D:2)
  9 ball pythons
  A ball python skeleton (D:2)
  A ball python zombie (D:2)
  7 bats
  15 frilled lizards
  2 kobolds (D:4)
  A quokka zombie (D:3)
  4 rats
120 creatures vanquished.

Vanquished Creatures (collateral kills)
  An ogre (D:6)
  A bombardier beetle (D:5)
  A jelly (D:6)
  An orc wizard (D:4)
  An ogre zombie (D:4)
  An adder (D:5)
  A white imp (D:5)
  4 orcs
  An endoplasm (D:4)
  A giant cockroach (D:4)
  A quokka (D:4)
14 creatures vanquished.

Vanquished Creatures (others)
  A ball python zombie (D:4)
  A hobgoblin zombie (D:4)
  An orc zombie (D:4)
  A quokka zombie (D:4)
4 creatures vanquished.

Grand Total: 138 creatures vanquished

Notes
Turn   | Place    | Note
-------+----------+-------------------------------------------
     0 | D:1      | Revguard the Demonspawn Fighter began the quest for the
                  | Orb.
     0 | D:1      | Reached XP level 1. HP: 18/18 MP: 1/1
   278 | D:1      | Gained mutation: You have a somewhat thin skeletal
                  | structure. (Dex +2, Stealth+) [demonic ancestry]
   278 | D:1      | Reached XP level 2. HP: 23/24 MP: 2/2
   754 | D:2      | Gained mutation: You have a pair of small horns on your
                  | head. [demonic ancestry]
   754 | D:2      | Reached XP level 3. HP: 12/29 MP: 3/3
   866 | D:2      | Reached skill level 1 in Invocations
   873 | D:2      | Reached skill level 1 in Dodging
   873 | D:2      | Reached skill level 1 in Evocations
   873 | D:2      | Gained mutation: You regenerate magic rapidly. [demonic
                  | ancestry]
   873 | D:2      | Reached XP level 4. HP: 22/35 MP: 3/5
  1537 | D:2      | Found Jeushous's Antique Weapon Shop.
  1654 | D:3      | Gained mutation: You have a pair of horns on your head.
                  | [demonic ancestry]
  1654 | D:3      | Reached XP level 5. HP: 41/41 MP: 6/6
  1688 | D:3      | Found a sparkling altar of Nemelex Xobeh.
  1939 | D:3      | Noticed Ijyb
  1940 | D:3      | Paralysed by Ijyb for 5 turns
  1946 | D:3      | Paralysed by Ijyb for 5 turns
  1954 | D:3      | Killed Ijyb
  2152 | D:3      | Found a basalt altar of Yredelemnul.
  2202 | D:3      | Gained mutation: When hurt, damage is shared between your
                  | health and your magic reserves. [demonic ancestry]
  2202 | D:3      | Reached XP level 6. HP: 29/48 MP: 7/7
  2238 | D:3      | Became a worshipper of Yredelemnul the Fallen
  2487 | D:4      | Reached skill level 4 in Fighting
  2492 | D:4      | Found a transporter.
  2625 | D:4      | Gained mutation: You have a moderately thin skeletal
                  | structure. (Dex +4, Stealth++) [demonic ancestry]
  2625 | D:4      | Reached XP level 7. HP: 46/54 MP: 7/9
  2673 | D:4      | Found a radiant altar of Vehumet.
  2985 | D:4      | Noticed Ajdolov's ghost (amateur AtMo)
  2986 | D:4      | Found a transporter.
  3023 | D:4      | Found Urageiv's Assorted Antiques.
  3050 | D:4      | Bought a scroll labelled HAPUFE CYHASUTOR for 26 gold
                  | pieces
  3050 | D:4      | Bought a glowing hand axe for 156 gold pieces
  3070 | D:4      | Reached * piety under Yredelemnul
  3255 | D:4      | Killed Ajdolov's ghost
  3353 | D:5      | Entered Level 5 of the Dungeon
  3411 | D:5      | Reached XP level 8. HP: 54/61 MP: 9/11
  3502 | D:5      | Found a bloodstained altar of Trog.
  3583 | D:5      | Found a shimmering blue altar of Sif Muna.
  4151 | D:6      | Reached skill level 5 in Fighting
  4514 | D:6      | Noticed a troll
  4527 | D:6      | Slain by a troll

Illustrated notes

Levels and vault maps discovered:
D:1:      spicycebolla_green_bress_n_ham_2, layout_basic, minmay_lizard_pond
D:2:      layout_basic, serial_shops, nicolae_shop_back_alley_shop,
          serial_undead, serial_undead_c, serial_undead_e, serial_undead_b,
          serial_undead_e, serial_undead_d, serial_undead_e, serial_undead_b
D:3:      layout_loops_ring, lemuel_zombie_altar_yredelemnul, lemuel_tele_altar,
          nrook_loot_triangle, uniq_ijyb
D:4:      layout_rooms, nicolae_overflow_hidden_temple, gammafunk_ghost_arena,
          serial_shops, shop, st_stairs_7
D:5:      layout_basic, mainiacjoe_overflow_brackets,
          mainiacjoe_overflow_catwalk, serial_bayou_pond_c
D:6:      layout_loops_ring, grunt_gozag_statues, serial_shops, shop,
          nicolae_figureground_pulse

Skill      XL: |  1  2  3  4  5  6  7  8 |
---------------+-------------------------+-----
Axes           | 2 3 4 |  4.0
Armour         | 3 4 |  4.5
Invocations    | 1 2 3 4 |  4.8
Dodging        | 1 2 3 |  3.3
Shields        | 3 4 |  4.5
Evocations     | 1 2 3 |  3.7
Fighting       | 4 5 |  5.1

Action                     |  1- 3 |  4- 6 |  7- 9 || total
---------------------------+-------+-------+-------++-------
  Melee: War axe           |    72 |   144 |    34 ||   250
         Headbutt          |     5 |    26 |    25 ||    56
         Hand axe          |       |       |    82 ||    82
 Invoke: Light the Black T |       |     1 |     2 ||     3
         Recall Undead Har |       |       |     1 ||     1
    Use: Potion            |       |     1 |       ||     1
         Scroll            |       |       |     5 ||     5
 Armour: Scale mail        |    83 |    19 |       ||   102
         Chain mail        |       |   125 |    72 ||   197
  Dodge: Dodged            |    33 |    56 |    57 ||   146
  Block: Buckler           |    24 |    44 |    33 ||   101

Table legend: (Time is in decaauts)
 A = Elapsed time spent in this place.
 B = Non-inter-level travel time spent in this place.
 C = Inter-level travel time spent in this place.
 D = Time resting spent in this place.
 E = Time spent auto-exploring this place.
 F = Levels seen in this place.
 G = Mean time per level.
                   A        B        C        D        E       F      G
               +--------+--------+--------+--------+--------+-----+--------+
         Total |   4641 |   4476 |    165 |      0 |   3444 |   6 |  773.5 |
       Dungeon |   4641 |   4476 |    165 |      0 |   3444 |   6 |  773.5 |
               +--------+--------+--------+--------+--------+-----+--------+

Top non-repeatable levels by time:
     D:2: 950 daAuts
     D:4: 901 daAuts
     D:3: 852 daAuts
     D:5: 797 daAuts
     D:1: 755 daAuts
     D:6: 384 daAuts
